 Dungeon Crawl Stone Soup version 0.28-b1-38-gff268fdeb9 (webtiles) character file.

Game seed: 1407203498270374197

20260 MacCMillion the Convoker (level 12, -14/61 HPs)
             Began as a Felid Summoner on Feb 2, 2022.
             Was an Initiate of Gozag.
             Killed by an exploding themself (43 damage)
             ... ignited by their inner flame
             ... on level 14 of the Dungeon on Feb 3, 2022.
             The game lasted 02:02:17 (25137 turns).

MacCMillion the Convoker (Felid Summoner)          Turns: 25137, Time: 02:02:17

Health: -14/61     AC:  3    Str:  4    XL:     12   Next: 43%
Magic:  24/28      EV: 27    Int: 20    God:    Gozag
Gold:   1986       SH:  0    Dex: 18    Spells: 8/19 levels left
                                        Lives:  0   Deaths: 3

rFire   . . .      SeeInvis +   (weapon unavailable)
rCold   + . .      Faith    .   (shield unavailable)
rNeg    . . .      Spirit   .   (armour unavailable)
rPois   .          Reflect  .   (helmet unavailable)
rElec   .          Harm     .   (cloak unavailable)
rCorr   .          Rampage  .   (gloves unavailable)
Will    ++...                   (boots unavailable)
Stlth   ++........              G - amulet of magic regeneration
HPRegen 0.20/turn               u - ring of magical power
MPRegen 0.61/turn               K - ring of willpower

@: quick
A: very small, claws 1, fangs 3, see invisible, speed 1, shaggy fur 3, stealthy
paws, no weapons or thrown items, no armour, multi-lived
a: Renounce Religion, Potion Petition, Call Merchant, Bribe Branch


You were on level 14 of the Dungeon.
You worshipped Gozag.
Gozag was most pleased with you.
You visited 2 branches of the dungeon, and saw 20 of its levels.

You collected 4794 gold pieces.
You spent 172 gold pieces at shops.
You paid 2636 gold pieces to Gozag.

Inventory:

Jewellery
 b - a ring of positive energy
 c - an amulet of reflection
 d - a ring of magical power
 p - an amulet of regeneration
 q - a ring of protection from fire
 u - a ring of magical power (left paw)
 G - an amulet of magic regeneration (around neck)
 K - a ring of willpower (right paw)
 L - a ring of magical power
 P - the dreamshard necklace {*Dream Drain}
   (You found it on level 6 of the Lair of Beasts)

   [amulet of nothing]

   It shatters if its wearer takes lethal or near-lethal damage, preventing the
   blow and releasing protective dreams that heal and fight for the wearer.
   Drain:     It drains your maximum health when unequipped.
Wands
 t - a wand of paralysis (2)
 x - a wand of polymorph (9)
 D - a wand of mindburst (17)
 F - a wand of acid (12)
 J - a wand of iceblast (5)
Scrolls
 f - 6 scrolls of teleportation
 g - 4 scrolls of fear
 h - 4 scrolls of immolation
 j - a scroll of noise
 k - 2 scrolls of amnesia
 l - a scroll of blinking
 m - 3 scrolls of identify
 r - 3 scrolls of enchant armour
 s - 3 scrolls of vulnerability {unknown}
 y - 3 scrolls of fog {unknown}
 B - 2 scrolls of acquirement {unknown}
 C - 2 scrolls of holy word {unknown}
 H - a scroll of summoning {unknown}
Potions
 a - 7 potions of curing
 e - a potion of flight
 i - 5 potions of brilliance
 n - 8 potions of heal wounds
 o - a potion of cancellation
 w - a potion of invisibility
 z - 3 potions of might
 A - a potion of haste {unknown}
 E - 2 potions of attraction {unknown}
 I - a potion of magic {unknown}
 M - a potion of resistance {unknown}
 O - 2 potions of mutation {unknown}
Miscellaneous
 N - a condenser vane


   Skills:
 + Level 11.9 Fighting
 + Level 12.9 Dodging
 - Level 2.6 Stealth
 - Level 4.0 Spellcasting
 - Level 5.0 Hexes
 - Level 16.5 Summonings
 - Level 11.4 Air Magic


You had 8 spell levels left.
You knew the following spells:

 Your Spells              Type           Power      Damage    Failure   Level
a - Summon Small Mammal   Summ           100%       N/A       0%          1
b - Call Canine Familiar  Summ           63%        N/A       1%          3
c - Summon Guardian Gole  Hex/Summ       47%        N/A       1%          3
d - Summon Lightning Spi  Summ/Air       56%        N/A       1%          4

Your spell library contained the following spells:

 Spells                   Type           Power      Damage    Failure   Level
 Call Imp                 Summ           63%        N/A       1%          2
 Static Discharge         Conj/Air       26%        N/A       1%          2
 Confusing Touch          Hex            24%        N/A       4%          3
 Summon Ice Beast         Ice/Summ       37%        N/A       4%          4
 Summon Mana Viper        Hex/Summ       47%        N/A       4%          5
 Monstrous Menagerie      Summ           31%        N/A       12%         7
 Sandblast                Erth           8%         2d5       13%         1
 Passwall                 Tmut/Erth      3%         N/A       19%         2
 Gell's Gravitas          Tloc           4%         N/A       36%         3
 Lesser Beckoning         Tloc           4%         N/A       36%         3
 Ozocubu's Armour         Ice            4%         N/A       36%         3
 Stone Arrow              Conj/Erth      8%         3d7       36%         3
 Teleport Other           Tloc           4%         N/A       36%         3
 Dispel Undead            Necr           4%         3d7       77%         4
 Sticky Flame             Conj/Fire      4%         2d3       77%         4
 Metabolic Englaciation   Hex/Ice        7%         N/A       77%         5
 Yara's Violent Unravell  Hex/Tmut       7%         3d5       77%         5
 Fireball                 Conj/Fire      2%         3d4       98%         5
 Simulacrum               Ice/Necr       2%         N/A       100%        6
 Starburst                Conj/Fire      2%         6d3       100%        6
 Enfeeble                 Hex            12%        N/A       100%        7
 Borgnjor's Revivificati  Necr           2%         N/A       100%        8
 Ignition                 Fire           2%         3d3       100%        8
 Lehudib's Crystal Spear  Conj/Erth      2%         10d2      100%        8
 Necromutation            Tmut/Necr      2%         N/A       100%        8
 Death's Door             Necr           2%         N/A       100%        9
 Animate Armour           Summ/Erth      Unusable   N/A       N/A         4

Dungeon Overview and Level Annotations

Branches:
Dungeon (14/15)            Temple (0/1) D:7            Lair (6/6) D:11
 Shoals (0/4) Lair:2       Spider (0/4) Lair:4        Slime (0/5) Lair:5
    Orc (0/2) D:9
 Vaults: D:13-14

Altars:
Gozag
Hepliaklqana
Kikubaaqudgha
Nemelex Xobeh
Okawaru
Qazlal
Ru
Trog
Vehumet
Yredelemnul
Zin
Beogh
Lugonu

Shops:
D:7 ((?:   D:12 [   Lair:2 ?=?

Annotations:
D:9 exclusion: 2 electric eels
D:10 1 runed translucent door, 2 transporters, exclusions: deep elf zephyrmancer, upstairs and 1 more exclusion, Tzialkovskiy's ghost, journeyman GrFi
D:11 Urug
D:13 Josephine
Lair:1 1 runed translucent door
Lair:4 1 exclusion
Lair:5 1 runed translucent door


Innate Abilities, Weirdness & Mutations

You have sharp claws.
You have razor-sharp teeth.
You have supernaturally acute eyesight. (SInv)
You cover ground quickly. (Speed+)
Your thick and shaggy fur keeps you warm. (AC +3, rC+)
Your paws help you pounce on unaware monsters.
You are incapable of wielding weapons or throwing items.
You cannot wear armour.
You gain extra lives every three experience levels.


Message History

Confirm with . or Enter, or press ? or * to list all spells.
The +4 long sword hits your warg!
Your warg bites the +4 long sword.
Your guardian golem overheats!
The +4 long sword hits your warg! Flame seeps out of your guardian golem.
Your warg bites the +4 long sword but does no damage.
The +4 long sword hits your warg!
Your warg dies!
Your warg's corpse disappears in a puff of smoke!
Flame seeps out of your guardian golem.
Casting: Summon Small Mammal (safe; 0% risk of failure)
Confirm with . or Enter, or press ? or * to list all spells.
Your guardian golem is engulfed in blazing flames.
Flame seeps out of your guardian golem.
The +4 long sword barely misses your quokka.
Your quokka bites the +4 long sword but does no damage.
The +4 long sword completely misses your quokka.
Your quokka barely misses the +4 long sword.
Casting: Call Canine Familiar (safe; 1% risk of failure)
Confirm with . or Enter, or press ? or * to list all spells.
Your lightning spire disappears in a puff of smoke!
Your warg closely misses the +4 long sword.
Your quokka completely misses the +4 long sword.
Your warg bites the +4 long sword.
The +4 long sword hits you!
Your quokka completely misses the +4 long sword.
Your quokka closely misses the +4 long sword.
The +4 long sword hits you!!
Your warg closely misses the +4 long sword.
Your quokka closely misses the +4 long sword. x2
There is a stone staircase leading up, spattered with blood here.
The +4 long sword hits your guardian golem!!
Your guardian golem disappears in a puff of smoke!
Your guardian golem explodes!
The fiery explosion engulfs your quokka!!
Your quokka dies!
Your quokka's corpse disappears in a puff of smoke!
The fiery explosion engulfs the +4 long sword.
The +4 long sword resists.
The fiery explosion engulfs you!!!
Ouch! That really hurt!
You die...
Your body crumbles into a pile of gold.

####### ############
#.....#####...........
#..§<§'..##...........
#.h(§@##..'...........
#.r§§§#####...........
#.....# #.....Q$.9..
#.....# #...........
#.....# #...........
###'### ####+#######
#.#* *,,,,* #..#
****+**** ##.#
*,,,,,,*


You could see a +4 long sword (ally target), a friendly warg (summoned,
sheltered) and a friendly quokka (summoned, sheltered).

Vanquished Creatures
  Joseph (D:9)
  A centaur (D:8)
  A howler monkey skeleton (D:6)
  An orc (D:8)
4 creatures vanquished.

Vanquished Creatures (collateral kills)
  A fire dragon (Lair:6)
  A boulder beetle (Lair:1)
  6 hydras
  A two-headed ogre (D:12)
  8 death yaks
  A tengu warrior (D:14)
  Nergalle (Lair:1)
  A swamp dragon (Lair:6)
  An ugly thing (D:11)
  2 wolf spiders (Lair:6)
  6 black mambas
  A merfolk siren (Lair:2)
  A torpor snail (Lair:2)
  A gargoyle (D:12)
  20 cane toads
  14 komodo dragons
  3 rime drakes
  Psyche (D:12)
  2 hornets (Lair:6)
  3 trolls
  3 slime creatures (D:12)
  A polar bear (Lair:6)
  18 blink frogs
  A jumping spider (Lair:4)
  15 wyverns
  A shadow (D:10)
  23 yaks
  10 basilisks
  4 redbacks
  7 vampire mosquitoes
  3 steam dragons
  4 acid dragons
  20 water moccasins
  A swamp drake (Lair:6)
  2 orc warriors (D:9)
  A sky beast (D:6)
  An ice beast (D:6)
  2 black bears
  7 necrophages
  20 wolves
  A phantom (D:4)
  An ogre (D:8)
  2 centaurs
  10 bullfrogs
  A gnoll sergeant (D:12)
  3 scorpions
  A water moccasin zombie (D:5)
  A wyvern skeleton (D:7)
  2 water moccasin skeletons
  4 wights (D:7)
  6 killer bees
  A howler monkey (D:12)
  2 bullfrog zombies
  7 centaur zombies
  8 jellies
  2 bullfrog skeletons (D:6)
  8 orc priests
  A hound (D:5)
  Terence (D:2)
  5 iguanas
  7 orc wizards
  4 hell rats (Lair:5)
  Robin (D:2)
  20 gnolls
  2 howler monkey zombies
  2 adders
  A howler monkey skeleton (D:7)
  2 white imps
  A dart slug (D:3)
  39 orcs
  11 endoplasms
  A giant cockroach (D:1)
  9 goblins
  11 hobgoblins
  6 jackals
  7 kobolds
  A quokka (D:3)
  9 ball pythons
  2 ball python zombies (D:3)
  6 bats
  4 frilled lizards
  A giant cockroach zombie (D:3)
  4 rats
437 creatures vanquished.

Vanquished Creatures (others)
  2 two-headed ogres
  4 death yaks
  A wizard (D:5)
  2 ugly things (D:12)
  A guardian serpent (Lair:6)
  A gargoyle (D:12)
  3 yaks (D:11)
  2 wyverns
  2 wraiths (D:13)
  3 water elementals (D:12)
  A redback (Lair:6)
  A vampire mosquito (D:12)
  Edmund (D:6)
  2 orc warriors
  A black bear (D:5)
  A human (D:10)
  A wolf (Lair:5)
  An ogre (D:5)
  A gnoll sergeant (D:6)
  2 scorpions (D:5)
  6 killer bees
  A wight (D:7)
  A gnoll shaman (D:8)
  3 gnolls
  An orc (D:6)
  A bush (Lair:6)
  42 fungi
  127 plants
  8 toadstools (Lair:1)
  A withered plant (D:3)
224 creatures vanquished.

Grand Total: 665 creatures vanquished

Notes
Turn   | Place    | Note
-------+----------+-------------------------------------------
     0 | D:1      | MacCMillion the Felid Summoner began the quest for the Orb.
     0 | D:1      | Reached XP level 1. HP: 7/7 MP: 4/4
    74 | D:1      | Found a faded altar of an unknown god.
   376 | D:1      | Reached XP level 2. HP: 11/11 MP: 4/6
  1061 | D:2      | Found a bloodstained altar of Trog.
  1205 | D:2      | Noticed Terence
  1278 | D:2      | Killed Terence
  1279 | D:2      | Reached XP level 3. HP: 14/14 MP: 0/8
  1285 | D:2      | Learned a level 3 spell: Call Canine Familiar
  1389 | D:2      | Noticed Robin
  2047 | D:2      | Killed Robin
  2048 | D:2      | Reached XP level 4. HP: 17/18 MP: 7/9
  2269 | D:2      | Learned a level 3 spell: Summon Guardian Golem
  2499 | D:2      | Reached skill level 5 in Summonings
  3173 | D:2      | Reached XP level 5. HP: 21/21 MP: 11/11
  3595 | D:4      | Reached skill level 1 in Hexes
  3952 | D:4      | Gained mutation: You are covered in thick fur. (AC +2)
                  | [Felid growth]
  3952 | D:4      | Reached XP level 6. HP: 24/24 MP: 13/13
  4073 | D:4      | Reached skill level 6 in Summonings
  4449 | D:4      | Reached XP level 7. HP: 23/27 MP: 8/14
  4556 | D:4      | Found an opulent altar of Gozag.
  4566 | D:4      | Found a glowing silver altar of Zin.
  4596 | D:4      | Reached skill level 5 in Hexes
  4669 | D:4      | Became a worshipper of Gozag Ym Sagoz the Greedy
  4742 | D:4      | Found a stormy altar of Qazlal.
  4888 | D:5      | Entered Level 5 of the Dungeon
  5111 | D:5      | Reached skill level 7 in Summonings
  5223 | D:5      | Reached skill level 8 in Summonings
  5537 | D:5      | Reached XP level 8. HP: 31/31 MP: 15/15
  5651 | D:5      | Reached skill level 9 in Summonings
  6099 | D:5      | Found a bloodstained altar of Trog.
  6101 | D:5      | Noticed a wizard
  6107 | D:5      | Killed a wizard
  6352 | D:6      | Learned a level 4 spell: Summon Lightning Spire
  6368 | D:6      | Reached skill level 10 in Summonings
  6378 | D:6      | Reached skill level 1 in Air Magic
  6762 | D:6      | Noticed Edmund
  6782 | D:6      | Killed Edmund
  6783 | D:6      | Reached XP level 9. HP: 34/34 MP: 16/16
  7124 | D:7      | Reached skill level 11 in Summonings
  7223 | D:7      | Found a sparkling altar of Nemelex Xobeh.
  7230 | D:7      | Found Juosubo's Weapon Emporium.
  7603 | D:7      | Found Upiun's Weapon Shoppe.
  7628 | D:7      | Found Fonleilem's Magic Scroll Boutique.
  7644 | D:7      | Reached skill level 12 in Summonings
  7644 | D:7      | Shot with an arrow by a centaur
  7645 | D:7      | Reached XP level 8. HP: -3/31 MP: 20/24
  7645 | D:7      | Found a staircase to the Ecumenical Temple.
  7885 | D:7      | Identified the +4 falchion of Quantum Leap {pain, Dex+7}
  7946 | D:7      | Bought a scroll of identify for 28 gold pieces
  7950 | D:7      | Bought a scroll of identify for 28 gold pieces
  7950 | D:7      | Bought a scroll of identify for 28 gold pieces
  7950 | D:7      | Bought a scroll of identify for 28 gold pieces
  8250 | D:7      | Found Zaoffec's Book Emporium.
  8373 | D:8      | Reached XP level 9. HP: 34/34 MP: 16/16
  8740 | D:8      | Found a basalt altar of Yredelemnul.
  8742 | D:8      | Found a hazy altar of Hepliaklqana.
  8746 | D:8      | Found an iron altar of Okawaru.
  9218 | D:8      | Reached skill level 5 in Air Magic
  9434 | D:9      | Found a staircase to the Orcish Mines.
  9468 | D:9      | Noticed Joseph
 10055 | D:9      | Reached skill level 1 in Fighting
 10076 | D:9      | Reached skill level 13 in Summonings
 10648 | D:9      | Killed Joseph
 10649 | D:9      | Reached XP level 10. HP: 22/40 MP: 17/17
 11345 | D:10     | Entered Level 10 of the Dungeon
 11400 | D:10     | Noticed a deep elf zephyrmancer
 11804 | D:10     | Noticed a two-headed ogre
 11816 | D:10     | Killed a two-headed ogre
 11817 | D:10     | Reached skill level 5 in Dodging
 11913 | D:10     | Found a runed translucent door.
 11916 | D:10     | Noticed Tzialkovskiy's ghost (journeyman GrFi)
 11950 | D:10     | Found a transporter.
 11962 | D:10     | Noticed a purple ugly thing
 11963 | D:10     | Noticed a brown ugly thing
 11964 | D:10     | Noticed a green ugly thing
 12522 | D:10     | Found a corrupted altar of Lugonu.
 12522 | D:10     | Found a transporter.
 12537 | D:10     | Found an ancient bone altar of Kikubaaqudgha.
 12620 | D:10     | Found a sacrificial altar of Ru.
 13068 | D:11     | Found an ancient bone altar of Kikubaaqudgha.
 13319 | D:11     | Noticed Urug
 13614 | D:11     | Noticed a red ugly thing
 13640 | D:11     | Killed a red ugly thing
 13991 | D:11     | Reached XP level 11. HP: 46/46 MP: 18/18
 14102 | D:11     | Reached skill level 5 in Fighting
 14160 | D:11     | Found a staircase to the Lair.
 14550 | Lair:1   | Entered Level 1 of the Lair of Beasts
 14678 | Lair:1   | Noticed a four-headed hydra
 14775 | Lair:1   | Killed a four-headed hydra
 14776 | Lair:1   | Reached skill level 14 in Summonings
 14905 | Lair:1   | Noticed Nergalle
 14951 | Lair:1   | Killed Nergalle
 15293 | Lair:1   | Noticed a boulder beetle
 15447 | Lair:1   | Killed a boulder beetle
 15787 | Lair:1   | Noticed a catoblepas
 15787 | Lair:1   | Noticed a catoblepas
 15809 | Lair:1   | Found a runed translucent door.
 15935 | Lair:2   | Noticed a seven-headed hydra
 15968 | Lair:2   | Killed a seven-headed hydra
 16183 | Lair:2   | Gained mutation: Your thick and shaggy fur keeps you warm.
                  | (AC +3, rC+) [Felid growth]
 16183 | Lair:2   | Reached XP level 12. HP: 32/53 MP: 19/19
 16327 | Lair:2   | Noticed a death yak
 16327 | Lair:2   | Noticed a death yak
 16328 | Lair:2   | Noticed a death yak
 16343 | Lair:2   | Killed a death yak
 16361 | Lair:2   | Killed a death yak
 16361 | Lair:2   | Killed a death yak
 16496 | Lair:2   | Noticed a death yak
 16499 | Lair:2   | Reached skill level 10 in Dodging
 16517 | Lair:2   | Killed a death yak
 16799 | Lair:2   | Found a staircase to the Shoals.
 17040 | Lair:2   | Bought a scroll of identify for 30 gold pieces
 17040 | Lair:2   | Bought a scroll of identify for 30 gold pieces
 17060 | Lair:3   | Found a radiant altar of Vehumet.
 17213 | Lair:3   | Noticed a death yak
 17213 | Lair:3   | Noticed a death yak
 17213 | Lair:3   | Noticed a death yak
 17216 | Lair:3   | Noticed a death yak
 17217 | Lair:3   | Noticed a death yak
 17226 | Lair:3   | Killed a death yak
 17229 | Lair:3   | Killed a death yak
 17231 | Lair:3   | Killed a death yak
 17236 | Lair:3   | Killed a death yak
 17246 | Lair:3   | Killed a death yak
 17247 | Lair:3   | Reached skill level 15 in Summonings
 17884 | Lair:4   | Noticed a seven-headed hydra
 17884 | Lair:4   | Noticed a five-headed hydra
 17970 | Lair:4   | Killed a seven-headed hydra
 18158 | Lair:4   | Killed a five-headed hydra
 18328 | Lair:4   | Noticed a death yak
 18328 | Lair:4   | Noticed a death yak
 18333 | Lair:4   | Noticed a death yak
 18342 | Lair:4   | Killed a death yak
 18344 | Lair:4   | Killed a death yak
 18345 | Lair:4   | Reached XP level 13. HP: 59/59 MP: 20/20
 18567 | Lair:4   | Found a hole to the Spider Nest.
 19169 | Lair:5   | Reached skill level 10 in Air Magic
 19490 | Lair:5   | Found a staircase to the Slime Pits.
 20028 | Lair:5   | Found a runed translucent door.
 20286 | Lair:6   | Entered Level 6 of the Lair of Beasts
 20728 | Lair:6   | Reached skill level 10 in Fighting
 20737 | Lair:6   | Reached skill level 16 in Summonings
 21493 | Lair:6   | Reached XP level 14. HP: 57/66 MP: 21/21
 23000 | Lair:6   | Found the dreamshard necklace {*Dream Drain}
 24456 | D:12     | Noticed Psyche
 24464 | D:12     | Found Qutar's Antique Armour Emporium.
 24465 | D:12     | Killed Psyche
 24772 | D:12     | You fall into a shaft and drop 2 floors!
 24846 | D:14     | Killed from afar by a tengu conjurer
 24847 | D:14     | Reached XP level 13. HP: -8/64 MP: 20/29
 24925 | D:13     | Noticed Josephine
 24975 | D:13     | Upgraded the game from 0.28-b1-25-g9875b3fc8c to
                  | 0.28-b1-38-gff268fdeb9
 24988 | D:14     | HP: 1/62 [tengu warrior[a tengu warrior] (3)]
 25002 | D:14     | Slain by a tengu warrior
 25003 | D:14     | Reached XP level 12. HP: -3/59 MP: 26/28
 25137 | D:14     | Killed by an exploding themself... ignited by their inner
                  | flame

Illustrated notes

Levels and vault maps discovered:
D:1:      nagdon_arrival_double_spiral, layout_loops_cross,
          hellmonk_ecumenical_altar_run_dry, minmay_3d_cube
D:2:      minmay_wonky_spiral, layout_basic, basic_altar, uniq_robin,
          uniq_terence
D:3:      layout_rooms, serial_undead, serial_undead_c, serial_undead_e,
          serial_undead_b, serial_undead_b
D:4:      layout_loops_ring, grunt_temple_overflow_gold_and_silver,
          mainiacjoe_overflow_chevrons
D:5:      layout_basic, trog_wizard
D:6:      layout_rooms, uniq_edmund
D:7:      layout_cave_pools, lemuel_doored_altar, minmay_temple_entry_statues,
          enter_bailey_4, serial_shops, shop, kennysheep_mini,
          kennysheep_mini_moat, nicolae_shop_hallway_plus
D:8:      layout_basic, nicolae_overflow_hidden_temple, grunt_ogre_cave
D:9:      layout_irregular_city, minmay_orc_entry_temple_small, minivault_14,
          uniq_joseph
D:10:     gammafunk_corrupted_shrine, layout_layer_cave,
          nicolae_ru_the_path_less_chosen, tgw_kikubaaqudgha,
          hellmonk_ghost_happy_afterlife, kennysheep_island_fort
D:11:     layout_stronghold, erik_lair_dragon,
          nicolae_kikubaaqudgha_miasma_corner, uniq_urug
D:12:     layout_loops_ring, serial_shops, nicolae_shop_stone, minivault_23,
          serial_bayou_lake_a, uniq_psyche
D:13:     layout_grid_maze, hangedman_feature_mirror, uniq_frances,
          uniq_josephine, uniq_rupert, uniq_maurice
D:14:     layout_roguey, erik_vaults_1, einodemon_armed_red_devil_minivault
Lair:1:   gammafunk_lair_enchanted_lake, layout_chaotic_city, lemuel_fruit_tree,
          grunt_megastairs_3, uniq_nergalle
Lair:2:   layout_chaotic_city, elwin_shoals_entry_rooms
Lair:3:   layout_misc_corridors, basic_altar, roderic_carrion_pond,
          infiniplex_staircase_pool_2
Lair:4:   layout_loops_ring, spider_nest_entry_a, special_room
          [special_room_bee], grunt_megastairs_1, infiniplex_staircase_pool
Lair:5:   gammafunk_mikee_crab_dinner, layout_regular_city,
          nicolae_slime_entry_slimehenge, kennysheep_basilisk_garden,
          serial_bayou_shore_a
Lair:6:   guppyfry_lair_end_dragon, layout_loops_ring,
          hangedman_lair_tendril_chambers

Skill      XL: |  1  2  3  4  5  6  7  8  9 10 11 12 13 14 |
---------------+-------------------------------------------+-----
Spellcasting   | 3 4 |  4.0
Summonings     | 5 6 8 10 13 14 15 16 | 16.5
Hexes          | 2 4 5 |  5.0
Air Magic      | 4 5 6 8 9 11 | 11.4
Dodging        | 4 6 9 11 12 | 12.9
Fighting       | 2 4 6 8 10 11 | 11.9
Stealth        | |  2.6

Action                   |  1- 3 |  4- 6 |  7- 9 | 10-12 | 13-15 || total
-------------------------+-------+-------+-------+-------+-------++-------
Melee: Unarmed           |     1 |     2 |    25 |       |     7 ||    35
       Bite              |       |     1 |     4 |       |     1 ||     6
       Punch             |       |       |       |       |     1 ||     1
 Cast: Summon Small Mamm |    83 |    40 |    46 |    10 |    25 ||   204
       Call Canine Famil |       |    27 |    56 |    55 |    75 ||   213
       Summon Guardian G |       |     4 |    42 |    24 |    28 ||    98
       Summon Lightning  |       |       |    14 |    89 |   128 ||   231
Invok: Call Merchant     |       |       |       |     1 |     2 ||     3
Evoke: Wand              |       |       |     2 |       |       ||     2
  Use: Potion            |       |     1 |       |       |     1 ||     2
       Scroll            |       |       |    10 |     2 |     8 ||    20
 Stab: Sleeping          |       |       |     1 |       |       ||     1
Armor: Skin              |     1 |       |     4 |     1 |       ||     6
Dodge: Dodged            |    20 |     7 |    83 |    33 |    50 ||   193
Block: Other             |     4 |     4 |    28 |     2 |       ||    38
       Reflection        |     1 |       |     3 |       |       ||     4
